[Event "*** Titled Tuesday Blitz"]
[Site "Chess.com"]
[Date "2019.11.05"]
[Round "6"]
[White "Knight8700"]
[Black "Kimster98"]
[Result "1/2-1/2"]
[WhiteElo "2431"]
[BlackElo "2545"]
[TimeControl "180+2"]
[EndTime "14:21:29 PST"]
[Termination "Game drawn by repetition"]

1. e4 e5 2. Nf3 Nf6 3. d4 Nxe4 4. dxe5 d5 5. Nbd2 Qd7 6. Bd3 Nxd2 7. Bxd2 c5 8. O-O Nc6 9. Re1 Be7 10. c3 O-O 11.
h3 Qc7 12. Bf4 Be6 13. Qd2 Qd7 14. Rad1 Rad8 15. Ng5 Bxg5 16. Bxg5 Rc8 17. Bf6 Bf5 18. h4 Bxd3 19. Qxd3 gxf6 20. exf6 Kh8 21. Qxd5 Qxd5 22.
Rxd5 Rcd8 23. Rxc5 Rd6 24. Rf5 h6 25. b4 Kh7 26. b5 Nd8 27. h5 Ne6 28. Re3 Rc8 29. Rg3 Rdd8 30. Kh2 Rg8 31. Re3 b6 32. a4 Rc4 33. Rd5 Rc7 34. g3 Rgc8 35. f4 Rxc3 36. Rxc3 Rxc3 37. Rd7 Kg8 38. Rxa7 Ra3 39. Ra8+ Kh7 40.
Ra7 Kg8 41. Ra8+ Nf8 42. Ra6 Ne6 43. Ra8+ 1/2-1/2

[Event "*** Titled Tuesday Blitz"]
[Site "Chess.com"]
[Date "2019.11.05"]
[Round "6"]
[White "vugarrasulov"]
[Black "jefferyx"]
[Result "1-0"]
[WhiteElo "2781"]
[BlackElo "2915"]
[TimeControl "180+2"]
[EndTime "14:21:30 PST"]
[Termination "vugarrasulov won by resignation"]

1. e4 e6 2. d4 d5 3. Nd2 c5 4.
exd5 Qxd5 5. Ngf3 cxd4 6. Bc4 Qd8 7. O-O Nc6 8. Nb3 a6 9. Nbxd4 Nxd4 10. Nxd4 Qc7 11.
Qe2 Bd6 12. h3 Ne7 13. a4 O-O 14. b3 e5 15. Nf3 Bf5 16. Rd1 Rad8 17. Be3 Nc6 18.
Rd2 Bb4 19. Rxd8 Rxd8 20. Ng5 Bg6 21. h4 h5 22. g4 hxg4 23. Qxg4 Qd7 24. Ne6 Na5 25. Bd5 Bf8 26. h5 Bxc2 27. Bc5 Qxd5 28. Bxf8 g6 29. Nxd8 Bf5 30. Qg5 Nxb3 31. hxg6 fxg6 32.
Qe7 Qd7 33. Qxd7 Bxd7 34. Rd1 Bg4 35. Rb1 Nd2 36. Rb4 Bh3 37. Bd6 Nf3+ 38. Kh1 Bf5 39. Kg2 Ne1+ 40. Kg3 Nd3 41. Rxb7 1-0

[Event "*** Titled Tuesday Blitz"]
[Site "Chess.com"]
[Date "2019.11.05"]
[Round "6"]
[White "timator"]
[Black "GelmanAlexander"]
[Result "0-1"]
[WhiteElo "2661"]
[BlackElo "2527"]
[TimeControl "180+2"]
[EndTime "14:21:32 PST"]
[Termination "GelmanAlexander won by resignation"]

1. Nf3 d6 2. d4 Nd7 3. c4 c5 4. g3 Ngf6 5. Bg2 cxd4 6. Nxd4 a6 7.
O-O e6 8. b3 Be7 9. Nc3 O-O 10.
Bb2 Qc7 11. Rc1 Ne5 12. h3 Bd7 13. Qd2 Rac8 14. Rfd1 Rfd8 15. Ne4 Ne8 16. Nf3 Ng6 17. h4 h6 18. h5 Nf8 19. Qe3 Qb8 20. Bd4 b5 21. Bb6 bxc4 22. bxc4 Ba4 23. Bxd8 Bxd8 24. Rf1 Bb6 25. Qa3 Bc6 26. Nfd2 Qa8 27. Bf3 Rd8 28.
Rb1 Nd7 29. Rfd1 Qa7 30. Rf1 Ne5 31. Nf6+ Nxf6 32. Bxc6 Nxc6 33. Nf3 Bc5 34. Qa4 Rc8 35. Kg2 Nxh5 36. g4 Nf4+ 37. Kh1 Nxe2 38. Qc2 Ned4 39. Nxd4 Nxd4 40. Qe4 Qa8 41. Qxa8 Rxa8 42. Kg2 a5 43. Rb7 a4 44. Rfb1 a3 45. Rd7 Ra7 46. Rd8+ Kh7 47.
f4 Kg6 48. Rdb8 Ra4 49. Rc1 Ne2 50. Rc2 Nxf4+ 51. Kf3 Nd3 52. Ke4 0-1

[Event "*** Titled Tuesday Blitz"]
[Site "Chess.com"]
[Date "2019.11.05"]
[Round "6"]
[White "Barcelona_Guy"]
[Black "NZT72"]
[Result "1/2-1/2"]
[WhiteElo "2724"]
[BlackElo "2504"]
[TimeControl "180+2"]
[EndTime "14:21:32 PST"]
[Termination "Game drawn by agreement"]

1. d4 Nf6 2. c4 e6 3. Nf3 b6 4. g3 Ba6 5. b3 Bb4+ 6. Bd2 Be7 7. Bg2 O-O 8. Nc3 d5 9. cxd5 exd5 10. O-O Re8 11. Qc2 c5 12. Rad1 Nc6 13. dxc5 bxc5 14. Bg5 d4 15. Rfe1 Nb4 16. Qc1 Qa5 17. Na4 Nxa2 18.
Qb2 Nb4 19. Nh4 Rab8 20. Nf5 Nbd5 21. Nxe7+ Nxe7 22. Bxf6 gxf6 23. Qc2 Rbc8 24. e3 Ng6 25. Qc1 c4 26. Bh3 Rc7 27. exd4 Rxe1+ 28. Rxe1 cxb3 29. Qa1 Kg7 30. d5 Qxd5 31. Bg2 Qd2 32. Nb2 Bb7 33. Rd1 Qc2 34. Bxb7 Rxb7 35. Rc1 Qe2 36.
Re1 Qc2 37. Rc1 Qe2 38. Re1 Qc2 39. Qa6 Rd7 40. Re2 Qc1+ 41. Kg2 Rd2 42. Rxd2 Qxd2 43. Qa3 Qd5+ 44. Kg1 1/2-1/2

[Event "*** Titled Tuesday Blitz"]
[Site "Chess.com"]
[Date "2019.11.05"]
[Round "6"]
[White "Eloist"]
[Black "newauto"]
[Result "1/2-1/2"]
[WhiteElo "2202"]
[BlackElo "1903"]
[TimeControl "180+2"]
[EndTime "14:21:32 PST"]
[Termination "Game drawn - insufficient material"]

1. e4 c6 2. Nf3 d5 3. Nc3 dxe4 4. Nxe4 Bg4 5. h3 Bxf3 6. Qxf3 e6 7. b3 Nd7 8. Bb2 Ngf6 9. O-O-O Nxe4 10. Qxe4 Nf6 11. Qe3 Qa5 12. Kb1 O-O-O 13. g4 Bc5 14. d4 Ba3 15. c4 Bxb2 16. Kxb2 c5 17. Qe5 Rhg8 18. Bg2 Nd7 19. Qd6 cxd4 20. Qxd4 Qe5 21. Rhe1 Qxd4+ 22. Rxd4 Nc5 23. Red1 Rxd4 24. Rxd4 Rd8 25. Kc3 a5 26. f4 f6 27. Rxd8+ Kxd8 28. a3 b6 29. b4 axb4+ 30. axb4 Nd7 31. Kb3 Kc7 32. Ka4 e5 33. fxe5 Nxe5 34.
Kb5 Nd3 35. Be4 Nf4 36. h4 h5 37. gxh5 Nxh5 38. c5 bxc5 39. Kxc5 Ng3 40. Bd3 f5 41. b5 f4 42. b6+ Kb8 43. Ba6 f3 44. Kd4 f2 45. Ke5 f1=Q 46. Bxf1 Nxf1 47. Kf5 Kb7 48.
Kg6 Ng3 49. Kxg7 Nf5+ 50. Kf6 Nxh4 51. Kg5 Kxb6 1/2-1/2

[Event "*** Titled Tuesday Blitz"]
[Site "Chess.com"]
[Date "2019.11.05"]
[Round "6"]
[White "Philosopherrr"]
[Black "vlad_Sid"]
[Result "1-0"]
[WhiteElo "2363"]
[BlackElo "2494"]
[TimeControl "180+2"]
[EndTime "14:21:33 PST"]
[Termination "Philosopherrr won by checkmate"]

1. e4 c5 2. Nf3 e6 3. d4 cxd4 4. Nxd4 Nc6 5. Nc3 Nf6 6. Ndb5 Bb4 7. a3 Bxc3+ 8. Nxc3 d5 9. Bd3 d4 10. Ne2 e5 11.
Ng3 O-O 12. O-O Nd7 13. Qh5 Nc5 14. Bg5 f6 15. Bd2 Be6 16. f4 Bf7 17. Qg4 exf4 18. Nf5 Bg6 19. Bxf4 Ne5 20. Bxe5 fxe5 21. Nh4 Bf7 22.
Rxf7 Rxf7 23. Bc4 Qc7 24. Rf1 Rf8 25. Nf5 Kh8 26. Bxf7 Qxf7 27. Ng3 Qe7 28. Rxf8+ Qxf8 29. Qg5 Qf6 30. Qg4 Ne6 31. Nh5 Qh6 32. h4 Kg8 33. Qf5 Qg6 34. Qxe5 Kf7 35. Ng3 Qg4 36. Nf5 Qf4 37.
Qxf4 Nxf4 38. Nxd4 Kf6 39. g3 Ng6 40. Nf3 Ne7 41.
Kf2 Nc6 42. Ke3 Ke6 43. Nd4+ Ke5 44. Nxc6+ bxc6 45. b4 a6 46. c4 h5 47. a4 g6 48.
a5 Ke6 49. Kf4 Kd6 50. e5+ Ke6 51. Ke4 Kd7 52. Kd4 Ke7 53. Kc5 Kd7 54. e6+ Kxe6 55.
Kxc6 Kf5 56. b5 Kg4 57. bxa6 Kxg3 58. a7 Kxh4 59. a8=Q g5 60. Qd8 Kg4 61. a6 h4 62.
a7 h3 63. a8=Q h2 64. Qd7+ Kh4 65. Qh7+ Kg3 66. Kc5 g4 67. Qb8+ Kf3 68. Qhxh2 g3 69. Qbxg3+ Ke4 70. Qf4+ Kd3 71. Qhd2# 1-0

[Event "*** Titled Tuesday Blitz"]
[Site "Chess.com"]
[Date "2019.11.05"]
[Round "6"]
[White "Bathory44"]
[Black "2nd_life"]
[Result "1-0"]
[WhiteElo "2613"]
[BlackElo "2408"]
[TimeControl "180+2"]
[EndTime "14:21:34 PST"]
[Termination "Bathory44 won by resignation"]

1. e4 d5 2. exd5 Qxd5 3. Nc3 Qd6 4. d4 c6 5. Nf3 Nf6 6. Ne5 Nbd7 7. f4 Nb6 8. g4 Be6 9. Bg2 g6 10. O-O h5 11. g5 Nfd7 12. Ne4 Qc7 13. a4 Nc4 14.
b3 Ncxe5 15. fxe5 Bf5 16. Ba3 Bxe4 17. Bxe4 e6 18. Qf3 Nxe5 19. dxe5 Bxa3 20. Rxa3 O-O-O 21. Qf4 Qb6+ 22. Kh1 Qb4 23. Raa1 Rd2 24. Bg2 Qc3 25.
Qxf7 Qxc2 26. Qxe6+ Kb8 27. Rac1 Qb2 28. Qh3 Re8 29.
Rce1 Rxe5 30. Qg3 Re2 31. Rxe2 Qxe2 32. h4 Kc7 33. Rf7+ Kb6 34. Qf2+ Qxf2 35. Rxf2 Re3 36. Rf6 Rxb3 37. Rxg6 Rb4 38. Rf6 Rxa4 39. Bf3 Rxh4+ 40. Kg2 Rd4 41. g6 Rd8 42. g7 Rg8 43. Rf7 a5 44. Be4 a4 45. Bh7 Rxg7+ 46. Rxg7 Kc5 47. Rxb7 1-0

[Event "*** Titled Tuesday Blitz"]
[Site "Chess.com"]
[Date "2019.11.05"]
[Round "6"]
[White "Vuk2000"]
[Black "FairChess_on_YouTube"]
[Result "0-1"]
[WhiteElo "2807"]
[BlackElo "3028"]
[TimeControl "180+2"]
[EndTime "14:21:38 PST"]
[Termination "FairChess_on_YouTube won by resignation"]

1. d4 Nf6 2. Bg5 Ne4 3. Bf4 d5 4. e3 c5 5. Bd3 Nf6 6. c3 Nc6 7. Nf3 Bg4 8. Nbd2 a6 9. O-O e6 10. Re1 Be7 11. Qe2 O-O 12. dxc5 e5 13. Bg5 e4 14.
Bxf6 Bxf6 15. Nxe4 dxe4 16. Bxe4 Qe7 17. Qc4 Be6 18. Qd3 g6 19. b4 a5 20. Bxc6 axb4 21.
Nd4 bxc6 22. cxb4 Rfd8 23. a3 Qb7 24. Qc3 Rd5 25. Red1 Rad8 26. Rd2 Qa6 27. Rad1 Ra8 28. Ra1 Rd7 29. h3 Qc4 30. Qxc4 Bxc4 31. Rc1 Bb5 32.
Rc3 Rad8 33. Ra2 Ba4 34. Rd2 Bxd4 35. Rcd3 f5 36. Rxd4 Rxd4 37. exd4 Kf7 38. Kf1 Bb5+ 39. Ke1 Ke6 40. Kd1 Kd5 41. Kc2 Kc4 42. Kb2 Ba4 43.
Re2 Rxd4 44. g3 f4 45. gxf4 Rxf4 46. Rd2 g5 47. Re2 h5 48. Kc1 Rf3 49. Re4+ Kd5 50. Re3 Rxe3 51. fxe3 Ke4 52. Kd2 Bb5 0-1

[Event "*** Titled Tuesday Blitz"]
[Site "Chess.com"]
[Date "2019.11.05"]
[Round "6"]
[White "BlueWizzard"]
[Black "olksuna"]
[Result "0-1"]
[WhiteElo "2819"]
[BlackElo "2608"]
[TimeControl "180+2"]
[EndTime "14:21:40 PST"]
[Termination "olksuna won by resignation"]

1. d4 d5 2. Nf3 Nf6 3. Bf4 e6 4.
e3 Bd6 5. Bg3 c5 6. Bb5+ Nc6 7.
Nbd2 O-O 8. O-O Bxg3 9. hxg3 Qb6 10. a4 cxd4 11. exd4 Nxd4 12. Nxd4 Qxd4 13. c3 Qb6 14.
Qc2 e5 15. Rfe1 e4 16. c4 Ng4 17. Nf1 Bf5 18. a5 Qf6 19. Qd1 d4 20. f3 exf3 21. Qxf3 d3 22. Kh1 Rad8 23. Rad1 d2 24. Re2 Ne5 25.
Qf4 Bg4 26. Qxf6 gxf6 27. Rdxd2 Bxe2 28. Rxe2 a6 29. Ba4 Nxc4 30. Kh2 Nxa5 31. Rf2 Nc4 32. Bb3 b5 33. Rxf6 Rd6 34. Rf5 Re8 35. g4 Re2 36. Ng3 Rxb2 37. Bxc4 bxc4 38. Rc5 Rdd2 39. Nf5 h6 40. Rc8+ Kh7 41. Rc7 Rxg2+ 42. Kh3 Kg6 43. Rc6+ f6 44. Rc7 Kg5 45. Rxc4 Rgc2 46. Re4 Rb3+ 47.
Ng3 Rcc3 48. Kh2 Rxg3 49. Ra4 Ra3 50. Rb4 Rgb3 0-1

[Event "*** Titled Tuesday Blitz"]
[Site "Chess.com"]
[Date "2019.11.05"]
[Round "6"]
[White "Sjakkerntobi"]
[Black "Tsschessulover"]
[Result "1-0"]
[WhiteElo "2140"]
[BlackElo "2414"]
[TimeControl "180+2"]
[EndTime "14:21:40 PST"]
[Termination "Sjakkerntobi won by checkmate"]

1. e4 c5 2. Nf3 e6 3. d4 cxd4 4. Nxd4 Nf6 5. Nc3 Nc6 6. Ndb5 d6 7. Bf4 e5 8. Bg5 a6 9. Na3 b5 10. Bxf6 gxf6 11. Nd5 Be7 12. Bd3 Be6 13. c4 b4 14.
Nc2 Rb8 15. b3 Qd7 16. Nce3 Nd4 17. Nc2 Nc6 18. Nce3 Rg8 19. g3 Nd4 20. Nc2 Bg4 21. Nxe7 Bxd1 22. Nxg8 Kf8 23. Nxf6 Qe6 24. Nxh7+ Kg8 25.
Nxd4 exd4 26. Rxd1 Kxh7 27. O-O Kg7 28. f4 Qg4 29.
Rde1 Rh8 30. Be2 Qh3 31. Rf2 f5 32. Bf1 Qh7 33. e5 Qh6 34. Bd3 Rf8 35. e6 Re8 36.
Rfe2 Qf6 37. e7 Kf7 38. Re6 Qxe6 39. Rxe6 Kxe6 40. Kf2 Rxe7 41. h3 Rh7 42. Kg2 Rg7 43. Kf3 a5 44. g4 fxg4+ 45. hxg4 Ra7 46. g5 d5 47. cxd5+ Kxd5 48. Bc4+ Kc5 49. f5 a4 50. f6 axb3 51. axb3 Kd6 52. Kf4 Rc7 53. f7 Ke7 54. Bd5 Rd7 55. Bc4 d3 56. g6 d2 57. g7 d1=Q 58. f8=Q# 1-0

[Event "*** Titled Tuesday Blitz"]
[Site "Chess.com"]
[Date "2019.11.05"]
[Round "6"]
[White "marianokar"]
[Black "FelixJoseYnojosa"]
[Result "0-1"]
[WhiteElo "2471"]
[BlackElo "2634"]
[TimeControl "180+2"]
[EndTime "14:21:41 PST"]
[Termination "FelixJoseYnojosa won on time"]

1. d4 Nf6 2. c4 e6 3. Nc3 d5 4. cxd5 exd5 5. Bg5 c6 6. e3 Bd6 7.
Bd3 h6 8. Bh4 O-O 9. Nge2 Re8 10. Qc2 a5 11. Bg3 Bf8 12. O-O b5 13. a3 Ba6 14.
Rfc1 Nbd7 15. Nf4 Qb6 16. Nce2 Rac8 17. Bf5 b4 18. axb4 axb4 19. Qa4 Bb5 20. Qa7 Rcd8 21. Bd3 Qxa7 22. Rxa7 Bxd3 23. Nxd3 Rc8 24. Bc7 c5 25.
dxc5 Ne4 26. c6 Ndc5 27. Nxc5 Bxc5 28. Rb7 Re6 29. Nd4 Rf6 30. f3 Ng5 31. Be5 Bxd4 32. Bxf6 Bxf6 33. Rxb4 Ne6 34. Kf2 Kh7 35. Rb7 d4 36. e4 d3 37. Rd1 Bd4+ 38. Kg3 Be5+ 39. Kg4 Rxc6 40. Rxd3 Kg6 41. g3 h5+ 42. Kh3 Rc2 43.
f4 Bxf4 44. Rb6 Be5 45. Rd5 Bf6 0-1

[Event "*** Titled Tuesday Blitz"]
[Site "Chess.com"]
[Date "2019.11.05"]
[Round "6"]
[White "WorldChampionBulletChess"]
[Black "davigator"]
[Result "1/2-1/2"]
[WhiteElo "2100"]
[BlackElo "2299"]
[TimeControl "180+2"]
[EndTime "14:21:42 PST"]
[Termination "Game drawn by repetition"]

1. c4 e5 2. Nf3 Nc6 3. d3 Nf6 4. g3 h6 5. Bg2 d5 6. cxd5 Nxd5 7. O-O Be7 8. Nc3 Be6 9. Bd2 O-O 10. Rc1 Qd7 11.
a3 a6 12. Na4 Rab8 13. Nc5 Bxc5 14. Rxc5 f6 15. Qb1 Qd6 16. b4 Rfe8 17. Rfc1 Rbd8 18.
R1c2 Rd7 19. a4 Nd4 20. Nxd4 exd4 21. b5 Bf7 22. bxa6 Qxa6 23. Bf3 b6 24. Rc6 Qxa4 25. R2c4 Qa3 26. Rxd4 Red8 27. Bc1 Qe7 28. e4 Nb4 29. Rxb4 Rxd3 30. Be3 Be8 31. Rc2 Bf7 32. Qc1 Qxb4 33. Rxc7 Rb3 34. Kg2 Rb1 35. Qc6 Qe1 36. Bg4 Qf1+ 37. Kf3 Qh1+ 38. Kf4 Re8 39. Rxf7 Kxf7 40. Bh5+ g6 41. Qd7+ Re7 42. Bxg6+ Kxg6 43. Qxe7 Qxh2 44.
Qe8+ Kg7 45. Qe7+ Kg6 46. Qe8+ Kg7 47. Qe7+ Kg6 1/2-1/2

[Event "*** Titled Tuesday Blitz"]
[Site "Chess.com"]
[Date "2019.11.05"]
[Round "6"]
[White "Niklas2304"]
[Black "Misha_Bilous"]
[Result "0-1"]
[WhiteElo "2327"]
[BlackElo "2493"]
[TimeControl "180+2"]
[EndTime "14:21:48 PST"]
[Termination "Misha_Bilous won by resignation"]

1. e4 c5 2. Nf3 d6 3. d4 cxd4 4. Nxd4 Nf6 5. Nc3 a6 6. Bg5 Nbd7 7. Qe2 h6 8. Bh4 g6 9. f4 e5 10. fxe5 dxe5 11. O-O-O Qc7 12. Nb3 b5 13. Qf3 Bg7 14. g4 O-O 15. g5 hxg5 16. Bxg5 Bb7 17. h4 Rac8 18. Rxd7 Nxd7 19. Bd3 Nc5 20. Nxc5 Qxc5 21. h5 b4 22. Nd5 Bxd5 23. exd5 e4 24. Qxe4 Rfe8 25.
Qh4 Re2 26. hxg6 Rxc2+ 27. Kd1 Rc1+ 28. Bxc1 Qxc1+ 29. Ke2 Re8+ 30. Kf3 Re3+ 31. Kg4 f5+ 32. Kh5 Qc8 33. Bc4 Re4 34. Qg5 Rxc4 35. d6 Rg4 36.
Qe7 Qf8 37. Qe6+ Kh8 38. d7 Bf6 39. Qxf5 Rg5+ 40. Qxg5 Bxg5 41. Kxg5+ Kg8 42. Re1 Qd8+ 43. Kh6 Qxd7 44. Rf1 Qd2+ 45. Kh5 Qh2+ 0-1

[Event "*** Titled Tuesday Blitz"]
[Site "Chess.com"]
[Date "2019.11.05"]
[Round "6"]
[White "moro182"]
[Black "champ2005"]
[Result "1/2-1/2"]
[WhiteElo "2729"]
[BlackElo "2914"]
[TimeControl "180+2"]
[EndTime "14:21:51 PST"]
[Termination "Game drawn by repetition"]

1. d4 Nf6 2. Bf4 e6 3. e3 b6 4. h3 Bb7 5. Nf3 d6 6. Nbd2 Nbd7 7. Bh2 g6 8. c3 Bg7 9. Bd3 O-O 10. O-O Re8 11.
e4 e5 12. Re1 Nh5 13. Bc4 Qe7 14. a4 a5 15. Nf1 Nhf6 16. N1d2 Bh6 17. Qb3 Qf8 18.
Rad1 exd4 19. e5 Bxd2 20. Nxd2 Nxe5 21. cxd4 Nxc4 22. Qxc4 Re7 23. Bg3 Nd5 24. Bh4 Rxe1+ 25. Rxe1 Re8 26. Ne4 Kg7 27. f3 f5 28. Nc3 Rxe1+ 29.
Bxe1 Qf7 30. Bh4 Nxc3 31. Qxc3 Qd7 32. d5+ Kg8 33. Qf6 Bxd5 34. Bf2 c5 35. Be1 Qe6 36. Qd8+ Kf7 37. Bc3 Qe3+ 38. Kh2 Qf4+ 39. Kg1 Qe3+ 40. Kh1 Qc1+ 41. Kh2 Qf4+ 42. g3 Qxf3 43. Qd7+ Kf8 44. Qd8+ Kf7 45. Qd7+ Kf8 46. Qd8+ Kf7 1/2-1/2

[Event "*** Titled Tuesday Blitz"]
[Site "Chess.com"]
[Date "2019.11.05"]
[Round "6"]
[White "gmcorrales"]
[Black "Nazar-Nazar"]
[Result "1-0"]
[WhiteElo "2853"]
[BlackElo "2498"]
[TimeControl "180+2"]
[EndTime "14:21:52 PST"]
[Termination "gmcorrales won by resignation"]

1. e4 c6 2. Nf3 d5 3. Nc3 Bg4 4.
h3 Bxf3 5. Qxf3 Nf6 6. d3 e6 7. Qg3 g6 8. Be2 Bg7 9. f4 O-O 10. O-O dxe4 11. dxe4 Qd4+ 12. Qe3 Qb4 13. Kh1 Nbd7 14. a3 Qb6 15. Qf3 Qc7 16. Be3 Rad8 17. g4 b5 18. Qg2 a5 19. g5 Ne8 20. e5 Nb6 21. Ne4 Nd5 22. Bc5 a4 23. Qf3 Ne7 24. Rad1 Rd5 25. c4 Rxc5 26. Nxc5 Nf5 27. Nd7 bxc4 28. Bxc4 c5 29. Nxf8 Bxf8 30. Bb5 Qb8 31. Bxe8 Qxe8 32. Rf2 Kg7 33. Rfd2 Qb5 34. Kh2 Nd4 35. Qe4 Qb3 36. Rxd4 cxd4 37. Qxd4 Bc5 38. Qd3 Qxb2+ 39. Rd2 Qc1 40. Kg3 Bxa3 41. Rc2 Qg1+ 42.
Rg2 Qe1+ 43. Kg4 Bb4 44. h4 a3 45. Qe2 Qb1 46. h5 Qf5+ 47. Kh4 Qxf4+ 48. Rg4 Qd2 49. h6+ Kg8 50. Qxd2 Bxd2 51. Rd4 Bb4 52. Rxb4 1-0

[Event "*** Titled Tuesday Blitz"]
[Site "Chess.com"]
[Date "2019.11.05"]
[Round "6"]
[White "RainForestt"]
[Black "Msb2"]
[Result "1/2-1/2"]
[WhiteElo "2565"]
[BlackElo "2841"]
[TimeControl "180+2"]
[EndTime "14:21:53 PST"]
[Termination "Game drawn by repetition"]

1. d4 d5 2. Nf3 Nf6 3. e3 Bf5 4. Bd3 e6 5. O-O Bd6 6. Nbd2 O-O 7.
Bxf5 exf5 8. b3 Nbd7 9. Bb2 c6 10. c4 Qe7 11. Rc1 g6 12. Qe2 Rfe8 13. cxd5 Nxd5 14. Nc4 N7f6 15. Nfe5 Bc7 16. Rfe1 Nd7 17. Nxd7 Qxd7 18. Ne5 Qe6 19. g3 f6 20. Nd3 Bd6 21.
Nc5 Bxc5 22. dxc5 Rad8 23. Rc4 Qf7 24. Rd1 Re4 25. Qc2 Qe6 26. Rdd4 Re8 27. Ra4 a6 28. Rac4 Kf7 29. a3 h5 30. Qe2 h4 31.
g4 h3 32. Qf3 Kg7 33. Rxe4 fxe4 34. Qxh3 Rd8 35. Rd4 Rd7 36. Qg2 Re7 37. g5 Kf7 38. gxf6 Re8 39. Qg3 Qf5 40. b4 g5 41. h3 Re6 42.
Rc4 Re8 43. Rd4 Rh8 44. Kg2 Re8 45. Kg1 1/2-1/2

[Event "*** Titled Tuesday Blitz"]
[Site "Chess.com"]
[Date "2019.11.05"]
[Round "6"]
[White "13MiRacLe"]
[Black "ural58"]
[Result "0-1"]
[WhiteElo "2599"]
[BlackElo "2468"]
[TimeControl "180+2"]
[EndTime "14:21:58 PST"]
[Termination "ural58 won by resignation"]

1. e4 d5 2. exd5 Qxd5 3. Nc3 Qa5 4. d4 Nf6 5. Nf3 Nc6 6. Bb5 Ne4 7. a4 Nxc3 8. bxc3 a6 9. Bxc6+ bxc6 10. O-O Bg4 11.
Qd3 Qf5 12. Ne5 Qxd3 13. cxd3 Bf5 14. Rd1 f6 15. Nxc6 e6 16. Bf4 Kd7 17. Na5 g5 18.
Be3 Be7 19. Kf1 Rhb8 20. Nc4 h5 21. h3 Rb3 22. Rac1 Rab8 23. Ke2 h4 24. Kd2 Ba3 25. Rc2 Bg6 26. Na5 Rb2 27. Nc4 R2b3 28. Ra1 Be7 29. Na5 Rb1 30. Rxb1 Rxb1 31. Rc1 Rxc1 32. Kxc1 Bxd3 33. g3 Bf1 34. gxh4 gxh4 35. f3 Bxh3 36. Bf2 f5 37. Kd2 Bf1 38. Ke1 Bd3 39.
Nb3 h3 40. Bg3 Bc2 41. Nc5+ Bxc5 42. dxc5 Bxa4 43. Kd2 Kc6 44. Ke3 Kd5 45. Bxc7 e5 46. Kf2 f4 47. Bb8 Bd7 48. Bc7 Be8 49. Bb8 a5 50.
c4+ Kd4 51. Bd6 Bc6 0-1

[Event "*** Titled Tuesday Blitz"]
[Site "Chess.com"]
[Date "2019.11.05"]
[Round "6"]
[White "ChessWarrior7197"]
[Black "YQPerez"]
[Result "1/2-1/2"]
[WhiteElo "2954"]
[BlackElo "2891"]
[TimeControl "180+2"]
[EndTime "14:22:00 PST"]
[Termination "Game drawn by agreement"]

1. e4 e5 2. Nf3 Nc6 3. Bb5 a6 4. Ba4 Nf6 5. O-O b5 6. Bb3 Be7 7. Re1 O-O 8. c3 d5 9. exd5 Nxd5 10. Nxe5 Nxe5 11. Rxe5 c6 12. d3 Bd6 13. Re1 Bf5 14. Qf3 Qh4 15. g3 Qh3 16. Be3 Bxd3 17. Nd2 Qf5 18.
Bd4 Rfe8 19. a4 Qxf3 20. Nxf3 h6 21. Be5 Bf8 22. Nd4 Rac8 23. axb5 axb5 24. Rad1 Bc4 25. Bc2 f6 26. Bf4 Nxf4 27. gxf4 Rxe1+ 28. Rxe1 Bc5 29. Bf5 Rd8 30. Be6+ Kf8 31. Bxc4 Bxd4 32. Be2 Bb6 33. Bh5 Bc7 34. Re6 c5 35. f5 Be5 36. Bg6 b4 37. cxb4 cxb4 38. b3 Rb8 39. h4 Rd8 40. Kf1 Rb8 41.
Ke2 Rd8 42. Rb6 Rb8 43. Re6 Rd8 44. h5 Rb8 45. Kd3 Rd8+ 46. Kc4 Bd6 47. Kb5 Rb8+ 48.
Kc6 Be7 49. Kc7 Ra8 50. f3 Ra5 51. Rb6 Rc5+ 52. Kb7 Rd5 53. Ra6 Rd7+ 54. Kc8 Rd3 1/2-1/2

[Event "*** Titled Tuesday Blitz"]
[Site "Chess.com"]
[Date "2019.11.05"]
[Round "6"]
[White "raswi"]
[Black "Manukyan_Artak"]
[Result "0-1"]
[WhiteElo "2213"]
[BlackElo "2391"]
[TimeControl "180+2"]
[EndTime "14:22:00 PST"]
[Termination "Manukyan_Artak won by resignation"]

1. e4 c6 2. d4 d5 3. e5 Bf5 4.
Nc3 e6 5. g4 Bg6 6. Nge2 c5 7.
h4 h6 8. Be3 Nc6 9. dxc5 Nxe5 10. Nd4 Ne7 11. Bb5+ N5c6 12. h5 Bh7 13. f4 a6 14. Be2 Nxd4 15. Bxd4 Nc6 16. Qd2 Nxd4 17. Qxd4 Bxc2 18. Rc1 Bh7 19. Qa4+ Ke7 20. Bf3 Rc8 21. O-O Rxc5 22. Rfe1 Qb6 23. Kh1 Kd8 24. Rcd1 Bd6 25. f5 Qxb2 26. Ne4 Qe5 27. Nxd6 Qxd6 28. Qb4 Kc7 29. Rb1 b6 30. a4 a5 31. Qb2 d4 32.
Rbd1 Rd8 33. fxe6 fxe6 34. Qg2 e5 35. Ba8 e4 36. Bxe4 Bxe4 37. Rxe4 d3 38. Re3 Qd5 39. Rexd3 Qxg2+ 40. Kxg2 Rxd3 41. Rxd3 Rc4 42. Kg3 Rxa4 43. Rf3 Rd4 44. Rf7+ Rd7 45. Rf5 Kc6 46. g5 hxg5 47. Rxg5 a4 48. Kf4 Ra7 49. Rg2 a3 50. Ke4 0-1

[Event "*** Titled Tuesday Blitz"]
[Site "Chess.com"]
[Date "2019.11.05"]
[Round "6"]
[White "coolthing"]
[Black "kingofthenil"]
[Result "0-1"]
[WhiteElo "2356"]
[BlackElo "2534"]
[TimeControl "180+2"]
[EndTime "14:22:04 PST"]
[Termination "kingofthenil won on time"]

1. b3 Nf6 2. Bb2 b6 3. e3 Bb7 4.
Nf3 c5 5. d4 e6 6. Be2 Be7 7.
O-O O-O 8. c4 cxd4 9. Nxd4 d6 10. Bf3 Qd7 11. Nc3 a6 12. Na4 Qc7 13. Rc1 Nbd7 14.
Nc3 Rac8 15. Qd2 Rfd8 16. Rfd1 Qb8 17. h3 h6 18. Ba3 Nc5 19. Bb2 Bf8 20. Qe2 Nfe4 21.
Nxe4 Nxe4 22. Qc2 Qa8 23. Ne2 b5 24. Qb1 bxc4 25. Rxc4 Rxc4 26. bxc4 Rb8 27. Qc2 Bc6 28. Nd4 Bb7 29. Nb3 a5 30. Rd4 f5 31. Nd2 Nxd2 32.
Bxb7 Qxb7 33. Rxd2 Qc6 34. Ba3 Rc8 35. Qc3 Kf7 36.
Qxa5 Ra8 37. Qc3 Ra4 38. c5 d5 39. Rb2 Qa6 40. Bb4 Rxa2 41. Rxa2 Qxa2 42. c6 Qb1+ 43.
Kh2 Bxb4 44. Qe5 Qe4 45. Qc7+ Kg6 46. Qd7 Qe5+ 47. f4 Qxe3 48. c7 Qxf4+ 49. g3 Qf2+ 50. Kh1 Bc5 51. Qxe6+ Kh7 52. Qg8+ Kxg8 53. c8=Q+ Kh7 0-1

[Event "*** Titled Tuesday Blitz"]
[Site "Chess.com"]
[Date "2019.11.05"]
[Round "6"]
[White "IvanRadivojevic"]
[Black "RoelandPruijssers"]
[Result "0-1"]
[WhiteElo "2490"]
[BlackElo "2649"]
[TimeControl "180+2"]
[EndTime "14:22:08 PST"]
[Termination "RoelandPruijssers won by resignation"]

1. e4 d5 2. exd5 Qxd5 3. Nc3 Qa5 4. d4 Nf6 5. Nf3 Bf5 6. Bc4 e6 7. Bd2 Bb4 8. a3 Bxc3 9. Bxc3 Qb6 10. Qe2 O-O 11.
O-O-O Nc6 12. h3 Ne4 13. Be1 Nd6 14. Ba2 Rad8 15. c3 Na5 16. g4 Be4 17. Rg1 Nb3+ 18. Bxb3 Qxb3 19. Ng5 Bg6 20. f3 Qa2 21. Ne4 Nc4 22.
Rg2 Qa1+ 23. Kc2 Qxb2+ 24. Kd3 Qb5 25. Qa2 Nb2+ 26. Kd2 Nxd1 27. Kxd1 Bxe4 28. fxe4 Qd3+ 29. Qd2 Qxe4 30. Bh4 Rd5 31. Rf2 Rb5 32. Qc2 Rb1+ 33. Kd2 Qe1+ 34. Kd3 Rd1+ 35. Kc4 Qh1 36. Rg2 Qxh3 37.
Be7 Re8 38. Rh2 Rc1 39. Qd2 Rxc3+ 40. Kb4 Rb3+ 41. Ka4 Qd3 42. Qxd3 Rxd3 43. Bb4 Rxd4 44. g5 c5 45. g6 hxg6 46. Kb5 cxb4 47. axb4 Rd5+ 48.
Ka4 a6 49. b5 axb5+ 50. Ka5 b4+ 51. Ka4 b3 52. Kxb3 0-1

[Event "*** Titled Tuesday Blitz"]
[Site "Chess.com"]
[Date "2019.11.05"]
[Round "6"]
[White "NikolaMa2000"]
[Black "Bishops83"]
[Result "1-0"]
[WhiteElo "2037"]
[BlackElo "2259"]
[TimeControl "180+2"]
[EndTime "14:22:08 PST"]
[Termination "NikolaMa2000 won by resignation"]

1. d4 d5 2. Nf3 e6 3. g3 c6 4. Bg2 f5 5. O-O Nf6 6. Ne5 Bd6 7. Bf4 O-O 8. c4 Qe7 9. Nc3 Bd7 10. Qb3 Be8 11. cxd5 exd5 12. Nd3 Bxf4 13. gxf4 Kh8 14. Ne5 Na6 15. a3 Rb8 16. e3 Nc7 17. Qc2 Ne4 18. f3 Nd6 19. Na4 Rf6 20. Kh1 Rh6 21. Rf2 Ne6 22. Bf1 Bh5 23. Bd3 Qh4 24. Raf1 Rf8 25. Nc5 Nxc5 26. dxc5 Nf7 27. Nxf7+ Rxf7 28. Bxf5 Rxf5 29. Qxf5 Bxf3+ 30. Kg1 Rg6+ 31. Qxg6 hxg6 32.
Rxf3 Qf6 33. R1f2 Qe7 34. b4 Qe4 35. Rh3+ Kg8 36. Rg3 Kf7 37. h4 Qd3 38. Rfg2 Qxa3 39.
Rxg6 Qa1+ 40. Kh2 b6 41. Rxg7+ Qxg7 42. Rxg7+ Kxg7 43. cxb6 axb6 44. Kg3 c5 45. bxc5 bxc5 46. Kf3 Kf6 47. e4 d4 48. Ke2 c4 49. Kd2 Kg6 50. e5 Kf5 51. h5 Ke6 52. h6 Kf7 53. f5 Kg8 54. e6 1-0